 Dungeon Crawl Stone Soup version 0.31.0-11-ge490571c62 (webtiles) character file.

Game seed: 141474415740905354

93 Ashen the Trooper (level 4, -1/46 HPs)
             Began as an Oni Warper on Jan 26, 2024.
             Slain by an orc
             ... wielding a +0 short sword
              (3 damage)
             ... on level 3 of the Dungeon.
             The game lasted 00:02:38 (1859 turns).

Ashen the Trooper (Oni Warper)                      Turns: 1859, Time: 00:02:38

Health: -1/46      AC:  3    Str: 15    XL:     4   Next: 61%
Magic:  8/8        EV: 10    Int: 16    God:
Gold:   41         SH:  0    Dex:  8    Spells: 2/9 levels left

rFire   . . .        l - +4 whip (venom)
rCold   + . .        (no shield)
rNeg    . . .        b - +0 robe
rPois   .            (helmet restricted)
rElec   .            (no cloak)
rCorr   .            (gloves unavailable)
SInv    .            (boots unavailable)
Will    .....        (no amulet)
Stlth   +            f - ring of protection from cold
HPRegen 0.27/turn    (no ring)
MPRegen 0.11/turn

%: no passive effects
@: no status effects
A: large, unfitting armour, horns 1, tough skin 1, double potion healing,
drunken brawling
a: no special abilities


You were on level 3 of the Dungeon.
You visited 1 branch of the dungeon, and saw 3 of its levels.

You collected 41 gold pieces.

Inventory:

Hand Weapons
 a - a +0 mace
 l - a +4 whip of venom (weapon)
Missiles
 d - 7 darts of dispersal (quivered)
 e - 5 poisoned darts
Armour
 b - a +0 robe (worn)
Jewellery
 f - a ring of protection from cold (left hand)
Scrolls
 c - a scroll of blinking
 g - 4 scrolls of identify {unknown}
 h - 4 scrolls of poison {unknown}
 i - a scroll of brand weapon {unknown}
 j - a scroll of vulnerability {unknown}
 m - a scroll of teleportation {unknown}
 n - a scroll of torment {unknown}
Potions
 k - a potion of curing {unknown}


   Skills:
 + Level 3.6 Fighting
 + Level 2.7 Maces & Flails
 - Level 1.0 Throwing
 + Level 2.6 Dodging
 + Level 3.2 Spellcasting
 + Level 3.1 Translocations


You had 2 spell levels left.
You knew the following spells:

 Your Spells              Type           Power      Damage    Failure   Level
a - Blink                 Tloc           24%        N/A       8%          2
b - Lesser Beckoning      Tloc           24%        N/A       8%          2
c - Teleport Other        Tloc           12%        N/A       16%         3

Your spell library contained the following spells:

 Spells                   Type           Power      Damage    Failure   Level
 Volatile Blastmotes      Fire/Tloc      14%        2d11      28%         3
 Manifold Assault         Tloc           12%        N/A       45%         4
 Call Canine Familiar     Summ           2%         N/A       50%         3
 Inner Flame              Hex/Fire       2%         N/A       50%         3
 Sigil of Binding         Hex            2%         N/A       50%         3
 Dimensional Bullseye     Hex/Tloc       3%         N/A       67%         4
 Iskenderun's Mystic Bla  Conj/Tloc      7%         2d4       67%         4
 Vhi's Electric Charge    Tloc/Air       14%        N/A       67%         4
 Flame Wave               Conj/Fire      2%         2d4       88%         4
 Fulminant Prism          Conj/Alch      1%         3d5       88%         4
 Sticky Flame             Fire/Alch      2%         2d4       88%         4


Dungeon Overview and Level Annotations

Branches:
Dungeon (3/15)

Altars:
Zin

Annotations:
D:3 1 runed translucent door, HaleSumoOx's ghost, weakling DrCj


Innate Abilities, Weirdness & Mutations

You are too large for most types of armour.
You have a pair of small horns on your head.
You have tough skin. (AC +1)
You gain doubled healing and magic from potions.
Whenever you drink a healing potion, you attack all around you.


Message History

You closely miss the adder. Your headbutt misses the adder.
The adder is moderately wounded.
You feel sick. The adder bites you. Something hits you but does no damage.
You hit the adder.
The adder is severely wounded.
You hear the slow rusting of a drain.
You feel sick.
You kill the adder!
Something hits you but does no damage. The orc hits you but does no damage.
You closely miss the orc.
You feel sick. Something hits you.
You feel sick. The orc closely misses you. Something hits you.
The orc hits you with a +0 short sword.
You miss something.
You feel sick.
You are no longer poisoned.
The orc hits you but does no damage.
You hear some strange, mumbled words.
Something tries to affect you, but you resist.
The orc closely misses you.
You closely miss something. Your headbutt misses something.
The orc barely misses you.
You hear some strange, mumbled words.
A magic dart appears from out of thin air!
The magic dart hits you!
* * * LOW HITPOINT WARNING * * *
The orc barely misses you.
You hit the orc.
You kill the orc!
The orc closely misses you. Something hits you but does no damage.
You closely miss the orc. The orc hits you with a +0 short sword.
* * * LOW HITPOINT WARNING * * *
You hear some strange, mumbled words.
A puff of flame appears from out of thin air!
The puff of flame hits you.
* * * LOW HITPOINT WARNING * * *
You hit the orc.
The orc is poisoned.
The orc is lightly wounded.
An orc wizard appears from thin air!
Reactivating autopickup.
The orc hits you with a +0 short sword.
You die...

########...### #. ....
#P.#..##.#...####.
#...##8$+.......#....#. #
#....#PW#.........##...
#.#..#.####......#..#...#
.........#...............
.........#.......##..####
.........#............#
......†)@##..#####....#
........oo...).....##.#
......####.###..#### ..
....+ ### ..... ... ...
..... ... ## ....# #. ..
... # #


You could see an orc wizard and an orc (very poisoned).

Vanquished Creatures
  3 adders
  3 dart slugs (D:1)
  A ribbon worm (D:3)
  3 orcs (D:3)
  5 ball pythons
  4 bats
  4 endoplasms
  3 giant cockroaches
  4 goblins
  7 hobgoblins
  A quokka (D:3)
  5 kobolds
  6 rats
49 creatures vanquished.

Notes
Turn   | Place    | Note
-------+----------+-------------------------------------------
     0 | D:1      | Ashen the Oni Warper began the quest for the Orb.
     0 | D:1      | Reached XP level 1. HP: 22/22 MP: 3/3
    55 | D:1      | Reached XP level 2. HP: 25/29 MP: 5/5
   371 | D:1      | Reached XP level 3. HP: 30/34 MP: 7/7
   868 | D:2      | Learned a level 2 spell: Blink
   871 | D:2      | Learned a level 2 spell: Lesser Beckoning
   875 | D:2      | Learned a level 3 spell: Teleport Other
  1095 | D:2      | Reached XP level 4. HP: 31/45 MP: 8/8
  1697 | D:3      | Found a glowing silver altar of Zin.
  1759 | D:3      | Found a runed translucent door.
  1820 | D:3      | Noticed HaleSumoOx's ghost (weakling DrCj)
  1858 | D:3      | HP: 2/46 [something/puff of flame (4)]
  1859 | D:3      | Slain by an orc

Illustrated notes

Levels and vault maps discovered:
D:1:      tarquinn_simple_flora_water_a, layout_basic, nrook_mini_vaults
D:2:      layout_basic, serial_corexii_hall, corexii_hall_statues_i,
          corexii_hall_statues_i, hex_medium, minmay_misc_feat_five
D:3:      layout_rooms, mainiacjoe_overflow_24_doors, gup_sewer_entry_bowl,
          gammafunk_ghost_grave

Skill      XL: |  1  2  3 |
---------------+----------+-----
Fighting       | 3 |  3.6
Translocations | 3 |  3.1
Spellcasting   | 3 |  3.2
Maces & Flails | |  2.7
Throwing       | |  1.0
Dodging        | |  2.6

Action                     |  1- 3 |  4- 6 || total
---------------------------+-------+-------++-------
  Melee: Mace              |    84 |    15 ||    99
         Headbutt          |    17 |     5 ||    22
         Punch             |     2 |       ||     2
         Whip              |       |    41 ||    41
   Stab: Sleeping          |       |     1 ||     1
 Armour: Robe              |    58 |    51 ||   109
  Dodge: Dodged            |    39 |    37 ||    76
